 Dungeon Crawl Stone Soup version 0.18.1-5-g4a78601 (webtiles) character file.

43782 dobroeutro the Severer (level 13, -4/135 HPs)
             Began as a Minotaur Fighter on May 12, 2016.
             Was the Champion of Okawaru.
             Slain by a nine-headed hydra (8 damage)
             ... while paralysed by a giant eyeball
             ... on level 15 of the Dungeon.
             The game lasted 00:32:45 (12142 turns).

dobroeutro the Severer (Minotaur Fighter)          Turns: 12142, Time: 00:32:47

Health: -4/135     AC: 26    Str: 27    XL:     13   Next: 92%
Magic:  12/12      EV:  2    Int:  5    God:    Okawaru [******]
Gold:   897        SH:  0    Dex: 12    Spells: 0 memorised, 12 levels left

rFire  . . .     SeeInvis +     C - +5 war axe (chop)
rCold  . . .     Gourm    .     Y - +2 scale mail {MR+}
rNeg   . . .     Faith    .     c - +0 shield
rPois  .         Spirit   .     (helmet unavailable)
rElec  .         Dismiss  .     U - +0 cloak {MR+}
rCorr  .         Reflect  +     m - +0 pair of gloves {Str+3}
SustAt .         Harm     .     T - +0 pair of boots {Stlth+}
MR     ++...     Rnd*Rage +     G - +5 amulet of reflection
Stlth  ++........               y - ring of see invisible
                                F - +5 ring of protection

@: paralysed, very resistant to hostile enchantments, unstealthy
A: retaliatory headbutt, horns 3, iridescent scales 1, molten scales 1,
camouflage 1, berserk 1, sense surroundings 1, robust 1, wild magic 1, no device
heal 1
a: Heroism, Finesse, Renounce Religion


You were on level 15 of the Dungeon.
You worshipped Okawaru.
Okawaru was exalted by your worship.
You were near starving.

You visited 2 branches of the dungeon, and saw 16 of its levels.
You visited 1 bazaar.
You also visited: Bailey.

You collected 1426 gold pieces.
You spent 529 gold pieces at shops.

Inventory:

Hand Weapons
 C - a +5 war axe of chopping (weapon)
 W - a +2 war axe of electrocution
Armour
 c - a +0 shield (worn)
 m - a +0 pair of gloves of strength (worn)
 T - a +0 pair of boots of stealth (worn)
 U - a +0 cloak of magic resistance (worn)
 Y - a +2 scale mail of magic resistance (worn)
Rods
 j - a +1 rod of shadows (12/12)
   (You found it in a bailey)
Jewellery
 y - a ring of see invisible (right hand)
 F - a +5 ring of protection (left hand)
 G - a +5 amulet of reflection (around neck)
 H - a +3 ring of dexterity
 I - an uncursed ring of resist corrosion
 Q - an uncursed ring of protection from magic {unknown}
 X - an uncursed ring of protection from fire
Wands
 b - a wand of digging (11/24)
 d - a wand of iceblast (9/15)
 L - a wand of paralysis (2/24)
 N - a wand of flame (20/48)
 S - a wand of digging (3/24)
Scrolls
 a - a scroll of remove curse
 e - 5 scrolls of teleportation
 l - 5 scrolls of enchant armour
 p - 5 scrolls of blinking
 q - a scroll of noise
 r - 4 scrolls of identify
 v - a scroll of fog
 w - 3 scrolls of recharging
 E - 4 scrolls of immolation
 M - a scroll of magic mapping
 P - a scroll of enchant weapon
Potions
 g - 6 potions of curing
 n - 5 potions of flight
 o - 4 potions of magic
 s - 2 potions of brilliance
 t - a potion of ambrosia
 u - 3 potions of agility
 x - a potion of cure mutation
 z - a potion of cancellation
 A - a potion of degeneration
 B - a potion of resistance
 D - 2 potions of lignification
 K - 2 potions of heal wounds
Comestibles
 f - 10 bread rations
 h - 11 slices of pizza
 i - 4 beef jerkies
 k - 6 meat rations
 R - a royal jelly


   Skills:
 + Level 13.6 Fighting
 + Level 16.5 Axes
 + Level 13.7 Armour
 + Level 13.7 Shields


You had 12 spell levels left.
You didn't know any spells.

Dungeon Overview and Level Annotations

Branches:
Dungeon (15/15)            Temple (1/1) D:5            Lair (0/8) D:8
    Orc (0/2) D:10         Vaults (0/5) D:14
 Depths: D:15

Altars:
Ashenzari
Cheibriados
Dithmenos
Elyvilon
Fedhas
Gozag
Kikubaaqudgha
Makhleb
Nemelex Xobeh
Okawaru
Pakellas
Qazlal
Ru
Sif Muna
Trog
Vehumet
Xom
Yredelemnul
Zin
The Shining One
Beogh

Shops:
D:5 (   D:7 *


Innate Abilities, Weirdness & Mutations

You reflexively headbutt those who attack you in melee.
You have a pair of large horns on your head.
You are partially covered in iridescent scales (AC +4).
You are partially covered in molten scales (AC +1).
Your skin changes colour to match your surroundings (Stealth).
You tend to lose your temper in combat.
You passively map a small area around you.
You are robust (+10% HP).
Your spells are a little harder to cast, but a little more powerful.
Potions and wands are less effective at restoring your health.


Message History

a long sword; a ring mail; a morningstar A giant frog comes into view.
The giant eyeball seems to glare at you.
The giant eyeball gazes piercingly through you!
You suddenly lose the ability to move!
The nine-headed hydra bites you.
* * * LOW HITPOINT WARNING * * *
The nine-headed hydra bites you!
* * * LOW HITPOINT WARNING * * *
The nine-headed hydra bites you!
* * * LOW HITPOINT WARNING * * *
The nine-headed hydra bites you but does no damage. x6
The nine-headed hydra bites you but does no damage.
The nine-headed hydra bites you!
* * * LOW HITPOINT WARNING * * *
The nine-headed hydra bites you.
* * * LOW HITPOINT WARNING * * *
The nine-headed hydra bites you but does no damage. x3
The nine-headed hydra bites you!
You die...

,* *#..#<# , #..#.#
, #.#..#.# ** , ,
#.#..#.######.. #.
#.#............ * ,
.#.##.##...#.#.#.#.
* ..........####+#
* #.........# ..#,*
* #..)...@.## #≈# #
#.....GD..# #=#c#
*#+##+#...##,#C#c#
, , ,#..H.#,#GHC# #
, #..)####'### .# ,
*,#..H)#.#.#.#..# *
* , ,
.##...(.G..(...# ,
#...........##### *
#########..##


You could see a nine-headed hydra, 2 manticores and a giant eyeball.

Vanquished Creatures
  Frances (D:13)
  8 vault guards (D:14)
  A hydra (D:12)
  2 centaur warriors
  A tengu warrior (D:14)
  6 skeletal warriors
  A wizard (D:14)
  2 unseen horrors
  7 hill giants
  3 orc knights
  A deep elf mage (D:15)
  3 manticores
  2 cyclopes
  9 ugly things
  Maurice (D:13)
  A gargoyle (D:15)
  A freezing wraith (D:14)
  A redback zombie (D:14)
  An efreet (D:14)
  7 trolls
  A jumping spider (shapeshifter) (D:13)
  2 two-headed ogres
  4 slime creatures (D:12)
  A hornet zombie (D:13)
  2 shadows
  A spriggan (D:9)
  2 wyverns
  7 yaks
  3 vampires
  2 wraiths (D:13)
  A golden eye (shapeshifter) (D:13)
  3 hippogriffs
  A hungry ghost (D:14)
  4 vampire mosquitoes
  A warg (D:10)
  2 mottled dragons (D:12)
  A soldier ant (D:12)
  3 black bears
  17 orc warriors
  6 sky beasts
  A wasp (D:13)
  An eye of draining (D:11)
  5 ice beasts
  A phantom (D:11)
  A necrophage (D:12)
  8 centaurs
  5 ogres
  A crocodile (D:13)
  2 big kobolds
  11 giant frogs
  2 wyvern zombies (D:14)
  A water moccasin skeleton (D:9)
  3 scorpions
  2 killer bees
  4 wights (D:10)
  7 howler monkeys
  7 crimson imps
  A giant frog zombie (D:5)
  2 centaur zombies
  8 hounds
  4 jellies
  3 centaur skeletons
  A giant frog skeleton (D:4)
  8 orc priests
  27 orc wizards
  5 iguanas
  14 worker ants
  A killer bee zombie (D:7)
  2 sheep (D:13)
  A hound skeleton (D:4)
  A hound zombie (D:11)
  2 worker ant zombies (D:10)
  4 gnolls (D:6)
  15 adders
  4 shadow imps
  An ooze (D:4)
  A worm (D:2)
  A dart slug (D:2)
  2 giant geckos (D:9)
  98 orcs
  7 bats
  8 giant cockroaches
  16 goblins
  12 hobgoblins
  15 jackals
  2 quokkas
  2 ball pythons
  A giant gecko zombie (D:8)
  5 giant newts
  A jackal zombie (D:6)
  19 kobolds
  8 rats
487 creatures vanquished.

Vanquished Creatures (others)
  4 centaurs
  10 kobolds (Bailey)
14 creatures vanquished.

Grand Total: 501 creatures vanquished

Notes
Turn   | Place    | Note
--------------------------------------------------------------
     0 | D:1      | dobroeutro the Minotaur Fighter began the quest for the Orb.
     0 | D:1      | Reached XP level 1. HP: 19/19 MP: 0/0
   118 | D:1      | Reached skill level 3 in Axes
   146 | D:1      | Reached XP level 2. HP: 24/26 MP: 1/1
   571 | D:2      | Reached skill level 4 in Axes
   574 | D:2      | Reached XP level 3. HP: 31/31 MP: 2/2
   922 | D:2      | Reached skill level 5 in Axes
  1276 | D:3      | Reached XP level 4. HP: 37/39 MP: 3/3
  1421 | D:3      | Found a faded altar to an unknown god.
  1552 | D:3      | Noticed an ogre
  1557 | D:3      | Killed an ogre
  1557 | D:3      | Reached skill level 6 in Axes
  1557 | D:3      | Reached XP level 5. HP: 45/45 MP: 4/4
  1947 | D:4      | Reached skill level 7 in Axes
  1980 | D:4      | Reached XP level 6. HP: 25/51 MP: 5/5
  2009 | D:4      | Reached skill level 8 in Axes
  2509 | D:5      | Entered Level 5 of the Dungeon
  2553 | D:5      | Reached skill level 9 in Axes
  2628 | D:5      | Found Lijuypsu's Antique Weapon Shop.
  2633 | D:5      | Bought a glowing war axe for 77 gold pieces
  2661 | D:5      | Reached XP level 7. HP: 45/57 MP: 6/6
  2725 | D:5      | Found a staircase to the Ecumenical Temple.
  2760 | Temple   | Entered the Ecumenical Temple
  3150 | D:5      | Reached skill level 10 in Axes
  3903 | D:6      | Reached skill level 11 in Axes
  3903 | D:6      | Reached XP level 8. HP: 54/64 MP: 7/7
  4093 | D:6      | Gained mutation: You are dopey. (Int -2) [mutagenic meat]
  4094 | D:6      | Gained mutation: You passively map a small area around you. [mutagenic meat]
  4095 | D:6      | Gained mutation: You are partially covered in iridescent scales (AC +4). [mutagenic meat]
  4096 | D:6      | Gained mutation: Your spells are a little harder to cast, but a little more powerful. [mutagenic meat]
  4097 | D:6      | Gained mutation: You have a pair of large horns on your head. [mutagenic meat]
  4540 | D:7      | Reached skill level 5 in Fighting
  4540 | D:7      | Reached skill level 5 in Shields
  4547 | D:7      | Reached skill level 5 in Armour
  4941 | D:7      | Found Olefrebe's General Store.
  5031 | D:7      | Reached XP level 9. HP: 74/74 MP: 8/8
  5078 | D:7      | Reached skill level 12 in Axes
  5128 | D:8      | Gained mutation: You have sharp toenails. [mutagenic meat]
  5129 | D:8      | Gained mutation: You are robust (+10% HP). [mutagenic meat]
  5130 | D:8      | Gained mutation: You are partially covered in molten scales (AC +1). [mutagenic meat]
  5132 | D:8      | Gained mutation: Potions and wands are less effective at restoring your health. [mutagenic meat]
  5272 | D:8      | Found a staircase to the Lair.
  5378 | D:8      | Found an iron altar of Okawaru.
  5378 | D:8      | Found a shattered altar of Ashenzari.
  5378 | D:8      | Found a glowing golden altar of the Shining One.
  5387 | D:8      | Became a worshipper of Warmaster Okawaru
  5832 | D:9      | Found a basalt altar of Yredelemnul.
  5836 | D:9      | Found an oddly glowing altar of Pakellas.
  5870 | D:9      | Reached * piety under Okawaru
  5924 | D:9      | Reached XP level 10. HP: 31/94 MP: 9/9
  5929 | D:9      | Got a smelly chain mail
  5940 | D:9      | Identified the +1 chain mail "Socesix" {Stlth+} (You found it on level 9 of the Dungeon)
  6302 | D:9      | Noticed a skeletal warrior
  6328 | D:9      | Killed a skeletal warrior
  6328 | D:9      | Reached skill level 13 in Axes
  6477 | D:9      | Found a stormy altar of Qazlal.
  6477 | D:9      | Found a burning altar of Makhleb.
  6477 | D:9      | Found an ancient bone altar of Kikubaaqudgha.
  6513 | D:9      | Identified a scroll of acquirement
  6658 | D:10     | Entered Level 10 of the Dungeon
  6745 | D:10     | Found a staircase to the Orcish Mines.
  6762 | D:10     | Reached ** piety under Okawaru
  6843 | D:10     | Found a flagged portal.
  6853 | Bailey   | Entered a bailey
  6874 | Bailey   | Noticed an orc knight
  6885 | Bailey   | Killed an orc knight
  6941 | Bailey   | Got a transparent great sword
  6947 | Bailey   | Identified the cursed +1 great sword "Mit Meaz" {antimagic, rPois Int+6} (You found it in a bailey)
  7094 | D:10     | Gained mutation: You evolve. [mutagenic meat]
  7095 | D:10     | Lost mutation: You are dopey. (Int -2) [mutagenic meat]
  7096 | D:10     | Lost mutation: You have sharp toenails. [mutagenic meat]
  7097 | D:10     | Lost mutation: You are robust (+10% HP). [mutagenic meat]
  7098 | D:10     | Gained mutation: You are robust (+10% HP). [mutagenic meat]
  7225 | D:10     | Noticed a centaur warrior
  7233 | D:10     | Killed a centaur warrior
  7233 | D:10     | Reached *** piety under Okawaru
  7249 | D:10     | Noticed an unseen horror
  7257 | D:10     | Killed an unseen horror
  7257 | D:10     | Reached XP level 11. HP: 70/106 MP: 10/10
  7274 | D:10     | Got a shimmering long sword
  7278 | D:10     | Identified the +3 long sword "Buluary" {vamp, *Confuse rElec rPois Int+8} (You found it on level 10 of the Dungeon)
  7421 | D:10     | Noticed a hill giant
  7427 | D:10     | Killed a hill giant
  7427 | D:10     | Reached **** piety under Okawaru
  7455 | D:10     | Found a stormy altar of Qazlal.
  7835 | D:10     | Gained mutation: Your skin changes colour to match your surroundings (Stealth). [evolution]
  7835 | D:10     | Lost mutation: You evolve. [end of evolution]
  8018 | D:11     | Noticed a seven-headed hydra
  8257 | D:10     | Noticed a hill giant
  8268 | D:10     | Killed a hill giant
  8289 | D:10     | Reached skill level 14 in Axes
  8455 | D:11     | Reached skill level 10 in Fighting
  8482 | D:11     | Reached ***** piety under Okawaru
  8494 | D:11     | Reached skill level 10 in Armour
  8494 | D:11     | Reached skill level 10 in Shields
  8866 | D:12     | Noticed a seven-headed hydra
  8887 | D:12     | Killed a 14-headed hydra
  8930 | D:12     | Noticed a hill giant
  8938 | D:12     | Killed a hill giant
  8957 | D:12     | Noticed a hill giant
  8962 | D:12     | Killed a hill giant
  9174 | D:12     | Found an iron altar of Okawaru.
  9255 | D:12     | Reached XP level 12. HP: 116/121 MP: 11/11
  9340 | D:12     | Received a gift from Okawaru
  9940 | D:13     | Reached ****** piety under Okawaru
  9945 | D:13     | Gained mutation: You tend to lose your temper in combat. [mutagenic meat]
  9973 | D:13     | Found a roughly hewn altar of Beogh.
  9979 | D:13     | Reached skill level 15 in Axes
 10120 | D:13     | Noticed Frances
 10146 | D:13     | Killed Frances
 10525 | D:13     | Noticed Maurice
 10530 | D:13     | Killed Maurice
 10643 | D:13     | Received a gift from Okawaru
 10695 | D:13     | Found an oddly glowing altar of Pakellas.
 10793 | D:13     | Reached XP level 13. HP: 124/130 MP: 12/12
 10890 | D:14     | Found a flickering gateway to a bazaar.
 10893 | D:14     | Noticed a vault guard
 10904 | D:14     | Noticed a vault guard
 10907 | D:14     | Noticed a vault guard
 10911 | D:14     | Noticed a vault guard
 10919 | D:14     | Killed a vault guard
 10924 | D:14     | Killed a vault guard
 10932 | D:14     | Killed a vault guard
 10936 | D:14     | Noticed a vault guard
 10950 | D:14     | Killed a vault guard
 10950 | D:14     | Received a gift from Okawaru
 10950 | D:14     | Reached skill level 16 in Axes
 10959 | D:14     | Noticed a vault guard
 10961 | D:14     | Killed a vault guard
 10970 | D:14     | Killed a vault guard
 10984 | Bazaar   | Entered a bazaar
 10986 | Bazaar   | Found Onocsim's Antique Weapon Boutique.
 10990 | Bazaar   | Found Hasain's General Store.
 10990 | Bazaar   | Found Apnoumpix's Jewellery Boutique.
 10990 | Bazaar   | Found Immusos's Food Boutique.
 11022 | Bazaar   | Bought a runed war axe for 77 gold pieces
 11029 | Bazaar   | Bought an uncursed ring of protection from fire for 375 gold pieces
 11345 | D:14     | Noticed a vault guard
 11351 | D:14     | Noticed a vault guard
 11354 | D:14     | Killed a vault guard
 11363 | D:14     | Killed a vault guard
 11517 | D:14     | Found a gate to the Vaults.
 12040 | D:15     | Entered Level 15 of the Dungeon
 12082 | D:15     | Received a gift from Okawaru
 12127 | D:15     | Paralysed by a giant eyeball for 3 turns
 12140 | D:15     | Paralysed by a giant eyeball for 4 turns
 12142 | D:15     | HP: 4/135 [nine-headed hydra (4)]
 12142 | D:15     | Slain by a nine-headed hydra

Skill      XL: |  1  2  3  4  5  6  7  8  9 10 11 12 13 |
---------------+----------------------------------------+-----
Axes           | 3 4 5 6 7 9 11 12 13 14 15 16 | 16.5
Fighting       | 5 7 9 11 12 13 | 13.6
Armour         | 5 7 9 10 12 13 | 13.7
Shields        | 5 7 9 10 12 13 | 13.7

Action                   |  1- 3 |  4- 6 |  7- 9 | 10-12 | 13-15 || total
-------------------------+-------+-------+-------+-------+-------++-------
Melee: War axe           |    85 |   117 |   264 |   570 |   179 ||  1215
       Headbutt          |    10 |    19 |    49 |   136 |    41 ||   255
Invok: Heroism           |       |       |       |     4 |     2 ||     6
Evoke: Wand              |       |       |       |     6 |       ||     6
  Use: Scroll            |       |       |       |    31 |     2 ||    33
       Potion            |       |       |       |     2 |     4 ||     6
 Stab: Paralysed         |       |       |       |     7 |       ||     7
       Sleeping          |       |       |       |       |     2 ||     2
  Eat: Chunk             |       |     4 |    18 |    17 |     4 ||    43
       Bread ration      |       |       |     1 |     3 |       ||     4
Armor: Scale mail        |    40 |    39 |    66 |     1 |    52 ||   198
       Chain mail        |       |       |       |   196 |    65 ||   261
Dodge: Dodged            |    24 |    31 |    55 |    93 |    31 ||   234
Block: Shield            |    40 |    48 |   170 |   419 |   140 ||   817
       Reflection        |       |       |    17 |    62 |    10 ||    89
